AoeStats
← Hekyro🖤.-

Yucatan

503607656Analyzed
4v4 RM · 1mo ago on Sep 1, 2026· 21m 42s· 8 players
Game mode
Random Map
Map size
Large (8 player)
Population
200
Speed
Normal
Resources
Standard
Victory
Conquest
Starting age
Dark Age
Ending age
Imperial Age
RankedLock teamsTeams togetherTeam positionsShared explorationLock speedFull tech treeHidden civsTurbo modeCheats
Victory
Defeat
🇫🇷 Cumans · France
1230
+13
🇵🇪 Bohemians · Peru
1160
+16
🇦🇺 Ethiopians · Australia
1157
+16
🇫🇷 Malians · France
1148
+16
🇨🇳 Inca · China
1202
-17
🇧🇷 Mongols · Brazil
1196
-17
🇨🇳 Japanese · China
1147
-15
🇦🇷 Magyars · Argentina
1090
-12
Sahraoui
1:35 Loom
11:23 Feudal Age
13:17 Scale Mail Armor
13:36 Forging
17:47 Man-at-Arms
20:43 Double-Bit Axe
20:40 Horse Collar
Hekyro🖤.-
4:58 Loom
11:31 Feudal Age
12:46 Wheelbarrow
15:53 Castle Age
15:18 Double-Bit Axe
16:17 Pikeman
20:42 Hand Cart
21:49 Fervor
21:59 Sanctity
BrokeMate
10:57 Feudal Age
15:11 Castle Age
13:12 Double-Bit Axe
15:04 Loom
15:30 Crossbowman
16:08 Fletching
18:05 Ballistics
Rpt
3:32 Loom
11:52 Feudal Age
16:52 Castle Age
14:58 Stone Mining
15:42 Double-Bit Axe
17:39 Forging
17:30 Scale Mail Armor
21:07 Horse Collar
21:40 Bow Saw
22:12 Stone Shaft Mining
Mionel Lessi
1:31 Loom
12:27 Feudal Age
14:54 Wheelbarrow
14:07 Town Watch
16:40 Castle Age
14:23 Horse Collar
14:32 Double-Bit Axe
15:57 Stone Mining
15:57 Gold Mining
16:55 Wheelbarrow
17:45 Bow Saw
[MLZ] Uzux99
6:30 Loom
11:57 Feudal Age
17:21 Castle Age
16:07 Scale Barding Armor
15:49 Double-Bit Axe
20:31 Husbandry
围家建筑工
1:15 Loom
11:23 Feudal Age
13:57 Double-Bit Axe
15:51 Stone Mining
18:09 Castle Age
16:41 Gold Mining
18:19 Horse Collar
mx
6:44 Loom
11:42 Feudal Age
17:17 Castle Age
15:22 Double-Bit Axe
16:00 Stone Mining
16:06 Gold Mining
18:49 Forging
19:05 Scale Mail Armor
Connection lost

Rejoining the realm…

Still unreachable

The connection could not be restored.

Session expired

The server has moved on; the page needs a fresh start.